 Dungeon Crawl Stone Soup version 0.21.1-1-g345015f (webtiles) character file.

344 Hebeh the Sneak (level 6, -2/56 HPs)
             Began as a Deep Dwarf Fighter on June 13, 2018.
             Succumbed to a killer bee's poison
             ... on level 4 of the Dungeon.
             The game lasted 00:16:58 (2218 turns).

Hebeh the Sneak (Deep Dwarf Fighter)                Turns: 2218, Time: 00:17:00

Health: -2/56      AC: 11    Str: 21    XL:     6   Next: 31%
Magic:  2/2        EV:  7    Int:  9    God:
Gold:   132        SH:  9    Dex: 12    Spells: 7/7 levels left

rFire    . . .     SeeInvis .   a - +0 war axe
rCold    . . .     Gourm    .   c - +0 shield
rNeg     . . .     Faith    .   b - +0 scale mail
rPois    .         Spirit   .   p - +0 hat
rElec    .         Reflect  .   e - +0 cloak
rCorr    .         Harm     .   (no gloves)
MR       .....                  A - +2 pair of boots
Stlth    +.........             (no amulet)
HPRegen  0.00/turn              (no ring)
MPRegen  0.08/turn              (no ring)

@: lethally poisoned (-2 -> -18), non-regenerating
A: damage resistance, heal wounds, sense surroundings 1, no regeneration
a: Heal Wounds


You were on level 4 of the Dungeon.
You were not hungry.

You visited 1 branch of the dungeon, and saw 4 of its levels.

You collected 132 gold pieces.

Inventory:

Hand Weapons
 a - a +0 war axe (weapon)
 u - a +0 whip
 y - a +0 broad axe
Missiles
 h - 147 stones (quivered)
Armour
 b - a +0 scale mail (worn)
 c - a +0 shield (worn)
 e - a +0 cloak (worn)
 p - a +0 hat (worn)
 A - a +2 pair of boots (worn)
Jewellery
 l - an uncursed ring of protection from cold {unknown}
Scrolls
 g - a scroll of enchant armour {unknown}
 j - 3 scrolls of teleportation {unknown}
 m - 2 scrolls of enchant weapon {unknown}
 o - 3 scrolls of fog {unknown}
 q - 3 scrolls of identify {unknown}
 v - a scroll of random uselessness {unknown}
 x - a scroll of amnesia {unknown}
Potions
 d - a potion of might
 i - a potion of heal wounds {unknown}
 k - a potion of agility {unknown}
 n - a potion of haste {unknown}
 r - a potion of resistance {unknown}
 s - a potion of flight {unknown}
 t - a potion of ambrosia {unknown}
 w - a potion of mutation {unknown}
Comestibles
 f - 3 rations
 z - a chunk of flesh


   Skills:
 + Level 3.3 Fighting
 * Level 4.1(4.3) Axes
 + Level 1.2(2.7) Maces & Flails
 + Level 4.0 Armour
 * Level 4.1 Stealth
 + Level 4.0 Shields
 - Level 1.0 Spellcasting


You had 7 spell levels left.
You didn't know any spells.

Dungeon Overview and Level Annotations

Branches:
Dungeon (4/15)
 Temple: D:4-7

Altars:
Fedhas
Hepliaklqana
Kikubaaqudgha
Ru
The Shining One

Annotations:
D:4 RottenKnight's ghost, amateur DrIE


Innate Abilities, Weirdness & Mutations

You are resistant to damage.
You can heal yourself by infusing magical energy.
You passively map a small area around you.
You do not regenerate.


Message History

You block the killer bee's attack. The killer bee stings you.
You miss the killer bee.
The killer bee is severely wounded.
* * * LOW HITPOINT WARNING * * *
You feel very sick.
The killer bee stings you but does no damage.
You block the killer bee's attack. x2
You closely miss the killer bee.
The killer bee is severely wounded.
* * * LOW HITPOINT WARNING * * *
You feel very sick. You block the killer bee's attack.
The killer bee barely misses you. You block the killer bee's attack.
You slash the killer bee!
You kill the killer bee!
* * * LOW HITPOINT WARNING * * *
You feel very sick. You block the killer bee's attack. x2
You closely miss the killer bee.
You die...

* * * * , , * * , * * * * , * ,
#. _, #. * #.# #.#. #.# ###
,#.#.#, #.# #@# #.#.#.#. #.# #y#
#.#.#.#.#, #.# #y####.#.#.#.#. ,
#.######WO...#.#.#.#.#.
#########)........y.#.#.#.#.#.#.*
#......)).##########y#.#.#.#.#.#,
#.#######.# ####..O.#.#.#.#.#.#,
* #.# #..........#.#.#.#, ,
#######.###.########..#.#.#, *


You could see an ogre, 2 killer bees and RottenKnight's ghost.

Vanquished Creatures
  A phantom (D:4)
  2 killer bees (D:4)
  An orc priest (D:4)
  3 adders
  2 worms
  5 dart slugs
  4 leopard geckos (D:1)
  8 orcs
  5 giant cockroaches
  5 goblins
  9 hobgoblins
  11 jackals
  3 quokkas
  6 bats
  6 frilled lizards
  8 kobolds
  3 rats (D:1)
82 creatures vanquished.

Notes
Turn   | Place    | Note
-------+----------+-------------------------------------------
     0 | D:1      | Hebeh the Deep Dwarf Fighter began the quest for the Orb.
     0 | D:1      | Reached XP level 1. HP: 20/20 MP: 1/1
   173 | D:1      | Reached skill level 1 in Stealth
   173 | D:1      | Reached XP level 2. HP: 20/27 MP: 2/2
   462 | D:1      | Reached XP level 3. HP: 29/33 MP: 2/2
   671 | D:2      | Found a faded altar of an unknown god.
   760 | D:2      | Found a hazy altar of Hepliaklqana.
   981 | D:2      | Reached XP level 4. HP: 38/40 MP: 3/3
  1278 | D:3      | Found a glowing golden altar of the Shining One.
  1737 | D:3      | Found a blossoming altar of Fedhas.
  1789 | D:3      | Found a sacrificial altar of Ru.
  1966 | D:4      | Reached skill level 1 in Spellcasting
  1966 | D:4      | Reached XP level 5. HP: 28/49 MP: 5/5
  1983 | D:4      | Noticed a phantom
  2043 | D:4      | Killed a phantom
  2043 | D:4      | Reached skill level 1 in Maces & Flails
  2057 | D:4      | Found an ancient bone altar of Kikubaaqudgha.
  2057 | D:4      | Noticed an ogre
  2080 | D:4      | Noticed RottenKnight's ghost (amateur DrIE)
  2084 | D:4      | Reached XP level 6. HP: 31/56 MP: 5/5
  2217 | D:4      | HP: 2/56 [poisoned by a killer bee]
  2218 | D:4      | Succumbed to a killer bee's poison

Skill      XL: |  1  2  3  4  5 |
---------------+----------------+-----
Stealth        | 1 2 3 4 |  4.1
Axes           | 3 4 |  4.1
Fighting       | 3 |  3.3
Spellcasting   | 1 |  1.0
Maces & Flails | 1 |  1.2
Armour         | 4 |  4.0
Shields        | 4 |  4.0

Action                   |  1- 3 |  4- 6 || total
-------------------------+-------+-------++-------
Melee: War axe           |   158 |   187 ||   345
 Abil: Heal Wounds       |     2 |    15 ||    17
  Eat: Chunk             |     1 |     4 ||     5
Armor: Scale mail        |    72 |   122 ||   194
Dodge: Dodged            |    57 |   117 ||   174
Block: Shield            |    79 |   194 ||   273
